 Dungeon Crawl Stone Soup version 0.30-b1-2-g02819fbbbe (webtiles) character file.

Game seed: 8961529315965473498

518 ketsa the Magician (level 7, -9/51 HPs)
             Began as a Djinni Hedge Wizard on May 10, 2023.
             Was an Initiate of Nemelex Xobeh.
             Killed by divine providence
             ... invoked by an orc priest
              (14 damage)
             ... on level 5 of the Dungeon.
             The game lasted 00:20:13 (5240 turns).

ketsa the Magician (Djinni Hedge Wizard)            Turns: 5240, Time: 00:20:14

Health: -9/51      AC:  2    Str:  9    XL:     7   Next: 45%
Gold:   215        EV: 13    Int: 18    God:    Nemelex Xobeh [......] SH:  0 Dex: 12

rFire   + + +        a - +0 dagger
rCold   x . .        (no shield)
rNeg    + . .        q - +0 robe
rPois   ∞            c - +0 hat
rElec   .            (no cloak)
rCorr   .            (no gloves)
SInv    .            (boots unavailable)
Will    .....        (no amulet)
Stlth   ++           o - ring of protection from fire
HPRegen 0.28/turn    p - ring of positive energy
MPRegen 0.00/turn

%: infuse magic (-10 HP)
@: flying
A: sickness immunity, fire resistance 2, cold vulnerability 1, float, innate
caster, HP casting, extra vitality 1
a: Renounce Religion, Draw Escape, Draw Destruction, Draw Summoning


You were on level 5 of the Dungeon.
You worshipped Nemelex Xobeh.
Nemelex Xobeh was noncommittal.
You visited 2 branches of the dungeon, and saw 6 of its levels.

You collected 215 gold pieces.

Inventory:

Hand Weapons
 a - a +0 dagger (weapon)
 h - a +0 sling
 j - a +0 short sword
 s - the +5 flail "Qasipronu" {freeze, rN+}
   (You took it off a goblin on level 2 of the Dungeon)

   rN:        It protects you from negative energy.
 v - a +0 flail of draining
Missiles
 f - 46 stones
Armour
 c - a +0 hat (worn)
 q - a +0 robe (worn)
Jewellery
 o - a ring of protection from fire (left hand)
 p - a ring of positive energy (right hand)
 x - a ring of fire
Scrolls
 b - a scroll of enchant armour {unknown}
 e - 6 scrolls of identify {unknown}
 g - a scroll of fog {unknown}
 m - 2 scrolls of amnesia {unknown}
 t - 3 scrolls of teleportation {unknown}
 w - 3 scrolls of blinking {unknown}
 y - a scroll of enchant weapon {unknown}
Potions
 d - a potion of flight {unknown}
 i - a potion of invisibility {unknown}
 k - 4 potions of haste
 l - 3 potions of attraction {unknown}
 n - 2 potions of heal wounds
 r - a potion of magic {unknown}
 u - a potion of mutation {unknown}
 z - 2 potions of ambrosia {unknown}
 A - a potion of cancellation {unknown}


   Skills:
 + Level 3.8 Fighting
 - Level 0.2 Staves
 - Level 3.5 Dodging
 - Level 1.5 Stealth
 * Level 4.8 Spellcasting
 + Level 0.2 Invocations


You knew the following spells:

 Your Spells              Type           Power      Damage    Failure   Level
a - Magic Dart            Conj           84%        1d7       1%          1
b - Slow                  Hex            84%        N/A       1%          1
c - Blink                 Tloc           42%        N/A       2%          2
d - Call Imp              Summ           42%        N/A       2%          2
e - Mephitic Cloud        Conj/Pois/Air  21%        N/A       5%          3
f - Sting                 Tmut/Pois      84%        1d7       1%          1
g - Passwall              Tmut/Erth      17%        N/A       2%          2
h - Summon Guardian Gole  Hex/Summ       21%        N/A       5%          3
Your spell library was empty.

Dungeon Overview and Level Annotations

Branches:
Dungeon (5/15)             Temple (1/1) D:4

Altars:
Ashenzari
Cheibriados
Dithmenos
Elyvilon
Fedhas
Gozag
Hepliaklqana
Makhleb
Nemelex Xobeh
Okawaru
Qazlal
Ru
Trog
Uskayaw
Wu Jian
Xom
Zin
The Shining One


Innate Abilities, Weirdness & Mutations

You are immune to sickness and miasma.
You are immune to poison.
Your flesh is very heat resistant. (rF++)
You are vulnerable to cold. (rC-)
You float through the air rather than walking.
You learn spells naturally, not from books.
Your magical power is your life essence.
You have superior vitality. (+4 MHP)


Message History

Your cerulean imp hits the orc priest but does no damage.
Casting: Magic Dart (safe; 1% risk of failure)
Confirm with . or Enter, or press ? or * to list all spells.
Aiming: Magic Dart (safe; 1% risk of failure)
Press: ? - help, Shift-Dir - straight line, f - orc priest
Aim: an orc priest, wielding a +0 trident and wearing a +0 ring mail (ally target, 100% to hit)
The magic dart hits the orc priest.
The orc priest is lightly wounded.
Your cerulean imp hits the orc priest but does no damage.
Casting: Magic Dart (safe; 1% risk of failure)
Confirm with . or Enter, or press ? or * to list all spells.
Aiming: Magic Dart (safe; 1% risk of failure)
Press: ? - help, Shift-Dir - straight line, f/p - orc priest
Aim: an orc priest, wielding a +0 trident and wearing a +0 ring mail (lightly wounded, ally target, 100% to hit)
The magic dart hits the orc priest.
The orc priest is moderately wounded.
The orc priest calls down the wrath of Beogh upon you.
Beogh smites you!
Your cerulean imp barely misses the orc priest.
Casting: Magic Dart (safe; 1% risk of failure)
Confirm with . or Enter, or press ? or * to list all spells.
Aiming: Magic Dart (safe; 1% risk of failure)
Press: ? - help, Shift-Dir - straight line, f/p - orc priest
Aim: an orc priest, wielding a +0 trident and wearing a +0 ring mail (moderately wounded, ally target, 100% to hit)
You miscast Magic Dart.
You are very lightly contaminated with residual magic.
Nothing appears to happen.
* * * LOW HITPOINT WARNING * * *
Your cerulean imp hits the orc priest but does no damage.
Your cerulean imp hits the orc priest but does no damage.
Your cerulean imp hits the orc but does no damage.
The orc priest invokes the aid of Beogh against you.
Beogh smites you!
* * * LOW HITPOINT WARNING * * *
Your cerulean imp barely misses the orc priest.
Your magical contamination has completely faded away.
The orc priest calls down the wrath of Beogh upon you.
Beogh smites you!
You die...
Your body disappears without a glow.

#.......##.....#####.......
#.#####..#.....#..<........
#.5####........####.# #..#
#.##.###.# #..
#oo####.##.....# ###
#...##..######.#
#.#.##.####....#
#...#..........#
###>@...###.#### ###...# #.
#...# # #...# #...# #...#
#####


You could see an orc priest (ally target), an orc and a friendly cerulean imp
(summoned).

Vanquished Creatures
  A scorpion (D:4)
  2 iguanas (D:4)
  An orc wizard (D:4)
  7 adders
  A worm (D:2)
  3 dart slugs (D:1)
  10 orcs
  6 ball pythons
  4 bats (D:3)
  6 endoplasms
  4 giant cockroaches
  6 goblins
  4 hobgoblins
  4 jackals (D:2)
  7 kobolds
  A frilled lizard (D:2)
  2 rats (D:2)
69 creatures vanquished.

Vanquished Creatures (collateral kills)
  A scorpion (D:4)
  A sleepcap (D:5)
  Jessica (D:3)
  An adder (D:4)
  A white imp (D:5)
  4 orcs (D:3)
  A goblin (D:3)
  2 hobgoblins
  A kobold (D:2)
  A bat (D:3)
  A rat (D:3)
15 creatures vanquished.

Vanquished Creatures (others)
  A black bear (D:5)
1 creature vanquished.

Grand Total: 85 creatures vanquished

Notes
Turn   | Place    | Note
-------+----------+-------------------------------------------
     0 | D:1      | ketsa the Djinni Hedge Wizard began the quest for the Orb.
     0 | D:1      | ketsa set off with the following spells memorised: Magic
                  | Dart, Slow, Blink, Call Imp, Mephitic Cloud.
     0 | D:1      | Reached XP level 1. HP: 15/15 MP: 0/0
   233 | D:1      | Reached skill level 1 in Fighting
   233 | D:1      | Reached XP level 2. HP: 9/22 MP: 0/0
   881 | D:1      | Reached XP level 3. HP: 25/27 MP: 0/0
   881 | D:1      | Learned a level 1 spell: Sting
  1105 | D:2      | Reached skill level 3 in Spellcasting
  1334 | D:2      | Reached XP level 4. HP: 21/33 MP: 0/0
  1614 | D:2      | Found a blossoming altar of Fedhas.
  1660 | D:2      | Identified the +5 flail "Qasipronu" {freeze, rN+}
  2308 | D:3      | Noticed Jessica
  2313 | D:3      | Killed Jessica
  2314 | D:3      | Reached XP level 5. HP: 24/39 MP: 0/0
  2314 | D:3      | Learned a level 2 spell: Passwall
  3430 | D:4      | Reached skill level 4 in Spellcasting
  3576 | D:4      | Reached XP level 6. HP: 45/45 MP: 0/0
  3806 | D:4      | Found a staircase to the Ecumenical Temple.
  3841 | Temple   | Entered the Ecumenical Temple
  4264 | Temple   | Became a worshipper of Nemelex Xobeh the Trickster
  4532 | D:4      | Identified the +0 leather armour "Tamu" {Rampage Str+5}
  4737 | D:5      | Entered Level 5 of the Dungeon
  4751 | D:5      | Noticed a black bear
  4894 | D:4      | Reached XP level 7. HP: 20/50 MP: 0/0
  4894 | D:4      | Learned a level 3 spell: Summon Guardian Golem
  5240 | D:5      | Killed from afar by an orc priest

Illustrated notes

Levels and vault maps discovered:
D:1:      psy_arrival_heroes, layout_basic, reono_crystal_passage,
          minmay_misc_feat_tiny
D:2:      layout_loops_ring, basic_altar, minmay_octomino_c4
D:3:      layout_loops_corners, minmay_door_square, grunt_ministairs_12,
          uniq_jessica
D:4:      layout_rooms, minmay_temple_entry_mini_moons,
          hangedman_abyss_or_decor_passed
D:5:      layout_basic, minmay_holes
Temple:   mainiacjoe_temple_big_plus

Skill      XL: |  1  2  3  4  5  6 |
---------------+-------------------+-----
Fighting       | 1 2 3 |  3.8
Spellcasting   | 3 4 |  4.8
Dodging        | 3 |  3.5
Staves         | |  0.2
Stealth        | |  1.5
Invocations    | |  0.2

Action                     |  1- 3 |  4- 6 |  7- 9 || total
---------------------------+-------+-------+-------++-------
  Melee: Dagger            |     8 |    67 |     3 ||    78
         Flail             |       |     1 |       ||     1
   Cast: Magic Dart        |    60 |   113 |    10 ||   183
         Call Imp          |     1 |    17 |     2 ||    20
         Sting             |       |     8 |     1 ||     9
         Slow              |       |     4 |       ||     4
         Mephitic Cloud    |       |     1 |       ||     1
         Summon Guardian G |       |       |     2 ||     2
    Use: Potion            |       |     3 |       ||     3
   Stab: Sleeping          |     2 |     2 |       ||     4
 Armour: Robe              |     3 |    21 |     2 ||    26
  Dodge: Dodged            |     8 |    60 |     7 ||    75
